[Event "FISU WUMSCC Men 2024"]
[Site "Entebbe"]
[Date "2024.06.25"]
[Round "1.1"]
[White "Janik, Igor"]
[Black "Alfaitori, Abdallah"]
[Result "1-0"]
[ECO "A05"]
[WhiteElo "2511"]
[BlackElo "1947"]
[Annotator "TA"]
[PlyCount "115"]
[EventDate "2024.06.24"]
[EventType "swiss"]
[EventCountry "UGA"]
[SourceTitle "playchess.com"]
[Source "ChessBase"]
[SourceQuality "1"]
[TimeControl "5400+30"]

1. Nf3 d5 2. g3 Nf6 3. Bg2 g6 4. b3 Bg7 5. Bb2 O-O 6. O-O c5 7. e3 Nc6 8. Ne5 Be6 9. Nxc6 {[%emt 0:00:25] White is slightly better.} bxc6 10. d3 $1 Nd7 11. Bxg7 Kxg7 12. Qc1 Qc7 13. Nd2 Nf6 14. Qb2 Kg8 15. Qc3 Qb6 16. Nf3 h6 17. Rfe1 Qb4 18. Qb2 a5 19. Ne5 Qb6 20. a4 Rfc8 21. e4 Rab8 22. Qa3 Qb4 $2 {[%emt 0:04:36] [#]} (22... Kg7 $11) 23. exd5 $1 $18 Qxa3 24. Rxa3 cxd5 {[%emt 0:08:29] [#]} 25. Nxg6 $1 fxg6 (25... Kg7 26. Nf4) 26. Rxe6 Kf7 27. Re5 (27. Bh3 $18) 27... Rd8 28. Ra1 Rd6 29. Rae1 e6 30. f4 Ng4 31. R5e2 d4 32. Bf3 (32. Re4 $16) 32... Ne3 $14 33. Rxe3 dxe3 34. Rxe3 {[%emt 0:00:01][%mdl 4096] Endgame. KRR-KRB} Kf6 35. Re5 Rc8 36. h4 h5 $2 {[%emt 0:04:34][%mdl 8192] White stays focused until the end.} (36... Rdd8 $14) 37. Be4 Rd7 38. Kf2 Ra7 39. Ke3 Rd7 40. Rg5 Rg7 41. Kd2 Ke7 (41... Rgg8 {keeps fighting.} 42. Bb7 Rc7) 42. Kc3 $18 Kd6 43. Kc4 (43. Rxg6 Rxg6 44. Bxg6 Rg8 45. Bxh5 Rxg3 $11) 43... Rb8 44. c3 (44. Rxg6 Rxg6 45. Bxg6 Rg8 46. Bxh5 Rxg3 $16) 44... Rbg8 (44... Rc8 {was called for.} 45. Bf3 (45. Rxg6 Rxg6 46. Bxg6 Rg8 $11) (45. Bxg6 Rh8 $18) 45... Rh7) 45. Rxc5 Rc7 46. d4 Rxc5+ (46... Ra7 $142 47. Kd3 Ra6) 47. dxc5+ {[%emt 0:00:02] KR-KB} Kc7 48. b4 axb4 49. cxb4 {[%emt 0:00:02] aiming for a5.} e5 50. fxe5 g5 51. b5 {[%emt 0:00:04] White threatens b6+ and mate.} gxh4 52. b6+ {[%emt 0:00:06] White mates.} Kb8 53. gxh4 Rg4 54. Kd5 Rxh4 55. e6 Rg4 56. e7 Rg8 57. c6 h4 58. Kd6 {[%emt 0:00:06] Weighted Error Value: White=0.12 (very precise) /Black=0.45.  Loses game:     	---       	Black=1      Mistake:       	White=2     	Black=4      Inaccurate:     	White=1     	Black=2      OK:         	White=14    	Black=11     Best:        	White=2     	Black=2      Strong:       	White=2     	---        Brilliant:      	White=1     	---} 1-0

[Event "FISU WUMSCC Men 2024"]
[Site "Entebbe"]
[Date "2024.06.25"]
[Round "1.2"]
[White "Selepe, Lwazi"]
[Black "Szpar, Milosz"]
[Result "0-1"]
[ECO "C09"]
[WhiteElo "1913"]
[BlackElo "2497"]
[Annotator "TA"]
[PlyCount "68"]
[EventDate "2024.06.24"]
[EventType "swiss"]
[EventCountry "UGA"]
[SourceTitle "playchess.com"]
[Source "ChessBase"]
[SourceQuality "1"]
[TimeControl "5400+30"]

1. e4 e6 2. d4 d5 3. Nd2 c5 4. Ngf3 Nc6 5. exd5 exd5 6. Bb5 Qe7+ 7. Qe2 Qxe2+ 8. Bxe2 Bf5 9. c3 {[%emt 0:00:28] The position is equal.} Nf6 10. dxc5 Bxc5 11. Nb3 Bd6 12. Nfd4 Bd7 13. O-O O-O 14. f3 h6 15. Bd3 Ne5 16. Bf5 Ba4 17. Bf4 Rfe8 18. Bxe5 Rxe5 19. Bd3 Bd7 20. Rae1 Rae8 21. Rxe5 Rxe5 22. Rf2 Re3 23. Be2 h5 24. Nc2 Re5 25. Bd3 h4 26. Re2 Rg5 27. Nbd4 a6 28. Ne3 g6 {[%emt 0:01:19] Repels Nef5} 29. h3 $2 {[%emt 0:03:22] [#] Loses the game.} Bxh3 $19 30. f4 (30. Kf1 $142 Bd7 31. Re1) 30... Bxf4 {[%emt 0:00:30] This pair of bishops is nice.} 31. Nf3 $2 (31. Nf1) 31... Bxe3+ {[%emt 0:00:30] Black is clearly winning.} 32. Rxe3 Rxg2+ 33. Kf1 Rg3+ 34. Kf2 Ng4+ {[%emt 0:00:30] Weighted Error Value: White=0.64/Black=0.06 (flawless) .  Mistake:       	White=3     	---        Inaccurate:     	White=1     	Black=2      OK:         	White=5     	Black=8      Best:        	---       	Black=3} 0-1

[Event "FISU WUMSCC Men 2024"]
[Site "Entebbe"]
[Date "2024.06.25"]
[Round "1.3"]
[White "Gatineau, Yovann"]
[Black "Kato, Richard"]
[Result "1-0"]
[ECO "E11"]
[WhiteElo "2414"]
[BlackElo "1908"]
[Annotator "RC"]
[PlyCount "103"]
[EventDate "2024.06.24"]
[EventType "swiss"]
[EventCountry "UGA"]
[SourceTitle "playchess.com"]
[Source "ChessBase"]
[SourceQuality "1"]
[TimeControl "5400+30"]

1. d4 e6 2. c4 f5 3. Nf3 Nf6 4. g3 Bb4+ 5. Bd2 Qe7 6. Bg2 O-O 7. O-O Bxd2 8. Qxd2 Ne4 9. Qc2 Nc6 10. Nc3 Nxc3 11. Qxc3 d6 12. d5 Nd8 13. dxe6 Nxe6 14. e3 Rb8 15. Nd2 b6 16. Rae1 Bb7 17. Bxb7 Rxb7 18. b4 a6 19. f4 Rbb8 20. e4 Qf7 21. Qd3 Rbe8 22. exf5 Qxf5 23. Qxf5 Rxf5 24. Re3 Rff8 25. Rfe1 Kf7 26. Nf3 h6 27. Kf2 a5 28. a3 axb4 29. axb4 Nd8 30. Nd4 Rxe3 31. Rxe3 Re8 32. Rd3 Kf6 33. Nb5 Re7 34. Nc3 Kf7 35. Kf3 Nc6 36. Nd5 Rd7 37. h4 Ne7 38. Ke4 Nc8 39. b5 Ne7 40. h5 Nxd5 41. Kxd5 Re7 42. Kc6 Kf6 43. Ra3 Re4 44. Rc3 Re7 45. Ra3 Re4 46. Kxc7 Rxc4+ 47. Kxb6 Rc5 48. Ka6 Rc8 49. Ka7 Ke6 50. b6 Kd7 51. b7 Rc7 52. Ka8 1-0

[Event "FISU WUMSCC Men 2024"]
[Site "Entebbe"]
[Date "2024.06.25"]
[Round "1.4"]
[White "Mthembu, Lovers"]
[Black "Jakab, Bela"]
[Result "0-1"]
[ECO "C01"]
[WhiteElo "1876"]
[BlackElo "2390"]
[Annotator "RC"]
[PlyCount "138"]
[EventDate "2024.06.24"]
[EventType "swiss"]
[EventCountry "UGA"]
[SourceTitle "playchess.com"]
[Source "ChessBase"]
[SourceQuality "1"]
[TimeControl "5400+30"]

1. e4 e6 2. d4 d5 3. exd5 exd5 4. Nf3 Bd6 5. Bd3 Ne7 6. O-O O-O 7. c3 Bf5 8. Be3 Nbc6 9. Qc2 Qd7 10. Nbd2 Bg6 11. Rfe1 a5 12. Bg5 a4 13. Re2 f6 14. Bh4 Bxd3 15. Qxd3 Qf5 16. Qxf5 Nxf5 17. Bg3 Nxg3 18. hxg3 b5 19. Nf1 Kf7 20. Ne3 Ne7 21. Rae1 Rfd8 22. g4 h6 23. g3 g6 24. Kg2 c6 25. Rh1 Rh8 26. Ne1 Nc8 27. Nd3 Nb6 28. a3 Rae8 29. Rhe1 Re7 30. Nc2 Nc4 31. Ncb4 Rxe2 32. Rxe2 Rc8 33. Kf1 Na5 34. Kg2 Nb7 35. f4 Bf8 36. f5 g5 37. Re6 Nd8 38. Re2 Rc7 39. Na6 Re7 40. Rxe7+ Bxe7 41. Nac5 Bd6 42. Kf3 Ke7 43. Kg2 Nf7 44. Kf3 Bxc5 45. Nxc5 Nd6 46. Ke2 Nc4 47. Nd3 Kd6 48. Kf2 Nd2 49. Ke3 Ne4 50. Nf2 Nxg3 51. Kf3 Nf1 52. Ke2 Nh2 53. Ke3 c5 54. Ke2 Kc6 55. Ke3 b4 56. Kd3 bxa3 57. bxa3 Kb5 58. dxc5 Kxc5 59. c4 dxc4+ 60. Kc3 Kb5 61. Kd4 Nf3+ 62. Ke4 Ne5 63. Kd4 Kc6 64. Ne4 Nxg4 65. Kxc4 h5 66. Kb4 h4 67. Kxa4 h3 68. Ng3 h2 69. Nh1 Ne3 0-1

[Event "FISU WUMSCC Men 2024"]
[Site "Entebbe"]
[Date "2024.06.25"]
[Round "1.5"]
[White "Mladek, Richard"]
[Black "Hemeni, Simamnkele"]
[Result "1-0"]
[ECO "E51"]
[WhiteElo "2385"]
[BlackElo "1866"]
[Annotator "RC"]
[PlyCount "83"]
[EventDate "2024.06.24"]
[EventType "swiss"]
[EventCountry "UGA"]
[SourceTitle "playchess.com"]
[Source "ChessBase"]
[SourceQuality "1"]
[TimeControl "5400+30"]

1. d4 Nf6 2. c4 e6 3. Nc3 Bb4 4. e3 O-O 5. Bd2 d5 6. Nf3 b6 7. Rc1 dxc4 8. Bxc4 Bb7 9. O-O Nbd7 10. Qe2 Qe7 11. a3 Bxc3 12. Bxc3 Ne4 13. Bb4 c5 14. dxc5 Nexc5 15. a4 a5 16. Ba3 Qf6 17. Bb5 Rfc8 18. Rfd1 Ne5 19. Nd4 Qg6 20. f3 Rc7 21. e4 Rac8 22. Bxc5 Rxc5 23. Rxc5 bxc5 24. Nb3 h5 25. Nxa5 Ba8 26. Nc4 Nxc4 27. Qxc4 h4 28. h3 Qf6 29. b4 Qe5 30. bxc5 Rxc5 31. Qd4 Qxd4+ 32. Rxd4 Bc6 33. Rd8+ Kh7 34. Rc8 Rxb5 35. axb5 Bxb5 36. Rc5 Bd7 37. Rc7 Ba4 38. Rxf7 Kg6 39. Rf8 Bb3 40. Kf2 Ba4 41. Ke3 e5 42. Rf5 1-0

[Event "FISU WUMSCC Men 2024"]
[Site "Entebbe"]
[Date "2024.06.25"]
[Round "1.6"]
[White "Alinda Collins"]
[Black "Defromont, Benjamin"]
[Result "0-1"]
[ECO "B33"]
[WhiteElo "1845"]
[BlackElo "2380"]
[Annotator "RC"]
[PlyCount "84"]
[EventDate "2024.06.24"]
[EventType "swiss"]
[EventCountry "UGA"]
[SourceTitle "playchess.com"]
[Source "ChessBase"]
[SourceQuality "1"]
[TimeControl "5400+30"]

1. e4 c5 2. Nf3 Nc6 3. d4 cxd4 4. Nxd4 Nf6 5. Nc3 e5 6. Nf3 Bb4 7. Bd3 d5 8. Nd2 dxe4 9. Ncxe4 Nxe4 10. Bxe4 f5 11. Bxc6+ bxc6 12. O-O Be6 13. c3 Bd6 14. Qh5+ g6 15. Qe2 Qf6 16. Re1 Bc7 17. Nf3 e4 18. Bg5 Qf7 19. Nd4 Bc4 20. Qd1 O-O 21. Nxc6 Rfe8 22. Qd4 Bb6 23. Qd6 h6 24. Be7 Bb5 25. Rad1 Bxc6 26. Qxc6 Rac8 27. Qb7 Rc7 28. Qa6 Rcxe7 29. b3 f4 30. c4 e3 31. fxe3 Rxe3 32. Kf1 f3 33. Rxe3 fxg2+ 34. Kxg2 Rxe3 35. Qc8+ Re8 36. Qg4 Rf8 37. Qg3 Qb7+ 38. Rd5 Rf2+ 39. Kh3 Qc8+ 40. Kh4 Bd8+ 41. Rxd8+ Qxd8+ 42. Kh3 Qd7+ 0-1

[Event "FISU WUMSCC Men 2024"]
[Site "Entebbe"]
[Date "2024.06.25"]
[Round "1.7"]
[White "Turcan, Richard"]
[Black "Wagner, Gerald"]
[Result "1-0"]
[ECO "C06"]
[WhiteElo "2374"]
[BlackElo "1832"]
[Annotator "RC"]
[PlyCount "61"]
[EventDate "2024.06.24"]
[EventType "swiss"]
[EventCountry "UGA"]
[SourceTitle "playchess.com"]
[Source "ChessBase"]
[SourceQuality "1"]
[TimeControl "5400+30"]

1. e4 e6 2. d4 d5 3. Nd2 Nf6 4. e5 Nfd7 5. Bd3 c5 6. c3 Nc6 7. Ne2 Qb6 8. Nf3 cxd4 9. cxd4 f6 10. exf6 Nxf6 11. O-O Bd6 12. Bf4 Bxf4 13. Nxf4 O-O 14. Qd2 Bd7 15. Rfe1 Rae8 16. Rac1 Kh8 17. Bb1 Re7 18. Rc3 Qb4 19. a3 Qd6 20. Ne5 Be8 21. b4 Ne4 22. Bxe4 dxe4 23. Rxe4 Nxe5 24. Rxe5 Bc6 25. Qe3 Rfe8 26. Rc1 Kg8 27. Re1 Kf7 28. h4 b6 29. Nh5 h6 30. Qg3 Kf8 31. Rf5+ 1-0

[Event "FISU WUMSCC Men 2024"]
[Site "Entebbe"]
[Date "2024.06.25"]
[Round "1.8"]
[White "Alshnaiber, Yazeed"]
[Black "Szustakowski, Antoni"]
[Result "1-0"]
[ECO "B42"]
[WhiteElo "1831"]
[BlackElo "2362"]
[Annotator "RC"]
[PlyCount "91"]
[EventDate "2024.06.24"]
[EventType "swiss"]
[EventCountry "UGA"]
[SourceTitle "playchess.com"]
[Source "ChessBase"]
[SourceQuality "1"]
[TimeControl "5400+30"]

1. e4 c5 2. Nf3 e6 3. d4 cxd4 4. Nxd4 a6 5. Bd3 Bc5 6. Nb3 Ba7 7. Qe2 d6 8. Be3 Nc6 9. Bxa7 Rxa7 10. O-O Nge7 11. Nc3 O-O 12. f4 f5 13. Rae1 b5 14. a3 Rc7 15. Kh1 Kh8 16. Rf3 d5 17. exd5 exd5 18. Qf2 d4 19. Ne2 Rd7 20. Rh3 Ng6 21. Ng3 Rd6 22. Rh5 Nge7 23. Nd2 g6 24. Rh3 Nd5 25. Ne2 Ne3 26. Nf3 Ng4 27. Qg1 Kg7 28. Rg3 Re8 29. h3 Nf6 30. a4 b4 31. Nd2 Rde6 32. Bc4 R6e7 33. b3 Bb7 34. Qf2 Na5 35. Bd3 Be4 36. Bxe4 Nxe4 37. Nxe4 Rxe4 38. Rd3 Qe7 39. Rxd4 Rxe2 40. Rxe2 Qxe2 41. Rd7+ Kh6 42. Qh4+ Qh5 43. Qf6 Re1+ 44. Kh2 Qe2 45. Qg7+ Kh5 46. Qxh7# 1-0

[Event "FISU WUMSCC Men 2024"]
[Site "Entebbe"]
[Date "2024.06.25"]
[Round "1.9"]
[White "Thilakarathne, G M H"]
[Black "Alotaibi, Mohammed Dhaidan N"]
[Result "1-0"]
[ECO "B50"]
[WhiteElo "2356"]
[BlackElo "1817"]
[Annotator "RC"]
[PlyCount "63"]
[EventDate "2024.06.24"]
[EventType "swiss"]
[EventCountry "UGA"]
[SourceTitle "playchess.com"]
[Source "ChessBase"]
[SourceQuality "1"]
[TimeControl "5400+30"]

1. e4 c5 2. Nf3 d6 3. Bc4 e6 4. O-O Nf6 5. Re1 Be7 6. c3 O-O 7. Bb3 Nc6 8. d4 cxd4 9. cxd4 d5 10. e5 Ne4 11. Nbd2 f5 12. exf6 Nxf6 13. Nf1 Bd6 14. Ng3 Bd7 15. Bd2 Rc8 16. Bc3 Rc7 17. Ne5 Be8 18. Bc2 Re7 19. f4 h5 20. Qd2 h4 21. Nh1 Bh5 22. Nf2 Nd7 23. Nh3 Ndxe5 24. fxe5 Bc7 25. Qg5 g6 26. Bxg6 Bxg6 27. Qxg6+ Rg7 28. Qxe6+ Kh7 29. Rf1 Rfg8 30. Nf4 Qg5 31. Qxd5 h3 32. Rf3 1-0

[Event "FISU WUMSCC Men 2024"]
[Site "Entebbe"]
[Date "2024.06.25"]
[Round "1.10"]
[White "Kabuye Charity Raphael"]
[Black "Horak, Martin"]
[Result "0-1"]
[ECO "E05"]
[WhiteElo "1761"]
[BlackElo "2333"]
[Annotator "RC"]
[PlyCount "94"]
[EventDate "2024.06.24"]
[EventType "swiss"]
[EventCountry "UGA"]
[SourceTitle "playchess.com"]
[Source "ChessBase"]
[SourceQuality "1"]
[TimeControl "5400+30"]

1. Nf3 Nf6 2. d4 d5 3. c4 e6 4. g3 Be7 5. Bg2 O-O 6. O-O dxc4 7. Qc2 b5 8. a4 b4 9. Qxc4 Bb7 10. h4 Bd5 11. Qd3 c5 12. dxc5 Nbd7 13. Be3 Nxc5 14. Bxc5 Bxc5 15. Nbd2 Rc8 16. e3 Qe7 17. Rfc1 Rfd8 18. Qe2 Rc7 19. Ne5 Rdc8 20. Ndf3 Bd6 21. Rxc7 Qxc7 22. Nd3 Qc2 23. Qxc2 Rxc2 24. Nfe1 Rc4 25. Rc1 b3 26. Rxc4 Bxc4 27. Bc6 Nd5 28. Bb5 Nb6 29. Bxc4 Nxc4 30. Nf3 e5 31. Nc1 Nxb2 32. Nxb3 Nxa4 33. Kf1 Nc3 34. Nfd2 e4 35. Nc4 Bb4 36. Kg2 f5 37. f3 a6 38. g4 fxg4 39. fxg4 Kf7 40. Kg3 Ke6 41. Kf4 Kd5 42. Ncd2 a5 43. Nf1 a4 44. Na1 Kc4 45. Nd2+ Kd3 46. Nf1 Ba3 47. Ng3 Bd6+ 0-1